 Dungeon Crawl Stone Soup version 0.27-a0-1188-g73eefd5def (webtiles) character file.

Game seed: 8660422481636080843

221185 Hasart the Unseen (level 20, -2/117 HPs)
             Began as a Kobold Ice Elementalist on May 18, 2021.
             Was a High Priest of Sif Muna.
             Killed by the raging water
             ... invoked by a water nymph
              (23 damage)
             ... on level 4 of the Shoals on May 20, 2021.
             The game lasted 02:27:09 (46620 turns).

Hasart the Unseen (Kobold Ice Elementalist)        Turns: 46620, Time: 02:27:10

Health: -2/117     AC: 14    Str: 12    XL:     20   Next: 38%
Magic:  23/46      EV: 20    Int: 23    God:    Sif Muna [*****.]
Gold:   2209       SH: 15    Dex: 17    Spells: 20/46 levels left

rFire    + + .     SeeInvis +   h - +9 flail of Gozag's Generosity {vorpal, rElec Will+ rCorr}
rCold    + + +     Faith    .   G - +3 warlock's mirror {reflect}
rNeg     . . .     Spirit   .   g - +1 robe "Ashegi Homu" {rF+ Regen+}
rPois    +         Reflect  +   V - +2 hood of the Assassin {Detection Stab+ Stlth++}
rElec    +         Harm     .   a - +0 cloak "Hareshro" {Fly rF+ Str+3}
rCorr    +         Rampage  .   P - +2 pair of gloves {Str+3}
Will     ++...                  d - +4 pair of boots of Noon {*Corrode rElec rPois}
Stlth    ++++++++++             v - amulet "Uhurikhiff" {Reflect rC+++ SH+5}
HPRegen  1.29/turn              N - ring of magical power
MPRegen  0.30/turn              k - ring of see invisible

@: about to teleport, flying
A: small, no large weapons, nightstalker 3
a: Renounce Religion, Channel Magic, Forget Spell, Divine Exegesis


You were on level 4 of the Shoals.
You worshipped Sif Muna.
Sif Muna was extremely pleased with you.
You visited 6 branches of the dungeon, and saw 31 of its levels.
You also visited: Sewer and Gauntlet.

You collected 5489 gold pieces.
You spent 3280 gold pieces at shops.

Inventory:

Hand Weapons
 h - the +9 flail of Gozag's Generosity (weapon) {vorpal, rElec Will+ rCorr}
   (You acquired it on level 7 of the Dungeon)

   It inflicts extra damage upon your enemies.
   It insulates you from electricity.
   It protects you from acid and corrosion.
   It increases your willpower.
 E - the +6 Majin-Bo {vamp, MP+6 Int+6}
   (You took it off a deep elf demonologist on level 3 of the Elven Halls)

   It inflicts no extra harm, but heals its wielder when it wounds a living foe.
   It affects your intelligence (+6).
   It affects your magic capacity (+6).
Missiles
 m - 3 throwing nets
Armour
 a - the +0 cloak "Hareshro" (worn) {Fly rF+ Str+3}
   (You found it on level 7 of the Dungeon)

   It affects your strength (+3).
   It protects you from fire.
   It grants you flight.
 c - a +2 robe of willpower
 d - the +4 pair of boots of Noon (worn) {*Corrode rElec rPois}
   (You acquired it in a Gauntlet)

   It insulates you from electricity.
   It protects you from poison.
   It may corrode you when you take damage.
 g - the +1 robe "Ashegi Homu" (worn) {rF+ Regen+}
   (You bought it in a shop on level 5 of the Dungeon)

   It protects you from fire.
   It increases your rate of health regeneration.
 p - the +2 hat "Ejan" {Int+6}
   (You found it in a Gauntlet)

   It affects your intelligence (+6).
 G - the +3 warlock's mirror (worn) {reflect}
   (You bought it in a shop on level 11 of the Dungeon)
 J - the +3 robe of Folly {Archmagi, Will-- Int+5}
   (You found it on level 4 of the Shoals)

   It affects your intelligence (+5).
   It greatly decreases your willpower.
 P - a +2 pair of gloves of strength (worn)
 S - a +0 troll leather armour
 V - the +2 hood of the Assassin (worn) {Detection Stab+ Stlth++}
   (You acquired it on level 2 of the Orcish Mines)

   It makes you much more stealthy.
Jewellery
 k - a ring of see invisible (right hand)
 v - the amulet "Uhurikhiff" (around neck) {Reflect rC+++ SH+5}
   (You acquired it on level 9 of the Dungeon)

   [amulet of reflection]

   It reflects blocked missile attacks.
   It renders you almost immune to cold.
   It affects your SH (+5).
 x - a ring of fire
 B - the ring "Heocioj" {rN+ Dex+3 Slay-3}
   (You took it off a minotaur in a Gauntlet)

   [ring of positive energy]

   It affects your dexterity (+3).
   It affects your accuracy and damage with ranged weapons and melee attacks
   (-3).
   It protects you from negative energy.
 D - an amulet of guardian spirit
 F - a ring of ice
 N - a ring of magical power (left hand)
 W - the amulet "Angic" {RegenMP rPois rN+}
   (You bought it in a shop on level 2 of the Orcish Mines)

   [amulet of magic regeneration]

   It increases your rate of magic regeneration.
   It protects you from poison.
   It protects you from negative energy.
 Z - a ring of protection from cold
Wands
 b - a wand of iceblast (29)
 u - a wand of digging (7)
 w - a wand of mindburst (60)
 H - a wand of acid (4)
Scrolls
 e - 15 scrolls of identify
 f - 6 scrolls of fog
 r - 9 scrolls of enchant armour
 y - 8 scrolls of magic mapping
 I - 3 scrolls of teleportation
 R - 4 scrolls of amnesia
 T - a scroll of fear {unknown}
 X - a scroll of summoning
 Y - a scroll of blinking
Potions
 i - 6 potions of heal wounds
 j - 4 potions of cancellation
 l - 4 potions of mutation
 n - 5 potions of brilliance
 o - 7 potions of magic
 q - a potion of invisibility
 s - 7 potions of curing
 t - 5 potions of lignification
 z - 5 potions of haste
 A - a potion of might
 C - 8 potions of ambrosia
 L - 2 potions of resistance
 O - 4 potions of attraction
Miscellaneous
 M - a phantom mirror


   Skills:
 - Level 10.0 Fighting
 - Level 7.0 Maces & Flails
 - Level 10.0 Dodging
 + Level 18.3 Stealth
 - Level 7.0 Shields
 + Level 13.6 Spellcasting
 - Level 10.0 Conjurations
 - Level 4.0 Translocations
 * Level 17.9 Ice Magic
 + Level 5.4 Air Magic
 - Level 5.0 Earth Magic
 - Level 10.0 Invocations
 - Level 7.0 Evocations


You had 20 spell levels left.
You knew the following spells:

 Your Spells              Type           Power      Damage    Failure   Level
a - Freeze                Ice            100%       1d11      0%          1
b - Frozen Ramparts       Ice            100%       1d12      0%          3
c - Hailstorm             Conj/Ice       68%        3d14      1%          4
d - Ozocubu's Armour      Ice            78%        N/A       0%          3
e - Stone Arrow           Conj/Erth      100%       3d13      1%          3
f - Sticky Flame          Conj/Fire      38%        2d6       4%          4
g - Blink                 Tloc           N/A        N/A       1%          2
s - Freezing Cloud        Conj/Ice/Air   30%        6-21      6%          6

Your spell library contained the following spells:

 Spells                   Type           Power      Damage    Failure   Level
 Foxfire                  Conj/Fire      100%       2x1d9     1%          1
 Magic Dart               Conj           100%       1d8       1%          1
 Sandblast                Erth           76%        2d16      1%          1
 Corpse Rot               Necr/Air       N/A        N/A       1%          2
 Ensorcelled Hibernation  Hex/Ice        100%       N/A       1%          2
 Poisonous Vapours        Pois/Air       56%        N/A       1%          2
 Searing Ray              Conj           100%       3d7       1%          2
 Static Discharge         Conj/Air       50%        N/A       1%          2
 Conjure Flame            Conj/Fire      38%        6-21      1%          3
 Dazzling Flash           Conj/Hex       76%        N/A       1%          3
 Mephitic Cloud           Conj/Pois/Air  39%        N/A       1%          3
 Ice Form                 Ice/Tmut       54%        N/A       1%          4
 Summon Ice Beast         Ice/Summ       54%        N/A       1%          4
 Iskenderun's Battlesphe  Conj           57%        2d11      1%          5
 Passwall                 Tmut/Erth      22%        N/A       2%          2
 Gell's Gravitas          Tloc           17%        N/A       2%          3
 Lesser Beckoning         Tloc           17%        N/A       2%          3
 Teleport Other           Tloc           34%        N/A       2%          3
 Metabolic Englaciation   Hex/Ice        27%        N/A       2%          5
 Animate Skeleton         Necr           30%        N/A       4%          1
 Beastly Appendage        Tmut           30%        N/A       4%          1
 Corona                   Hex            16%        N/A       4%          1
 Pain                     Necr           60%        1d7       4%          1
 Summon Small Mammal      Summ           60%        N/A       4%          1
 Airstrike                Air            20%        N/A       4%          4
 Fulminant Prism          Conj/Hex       19%        3d11      4%          4
 Lightning Bolt           Conj/Air       25%        1d41      4%          5
 Portal Projectile        Hex/Tloc       48%        N/A       5%          3
 Call Imp                 Summ           15%        N/A       6%          2
 Slow                     Hex            15%        N/A       6%          2
 Wereblood                Tmut           15%        N/A       6%          2
 Passage of Golubria      Tloc           N/A        N/A       8%          4
 Call Canine Familiar     Summ           15%        N/A       12%         3
 Confusing Touch          Hex            15%        N/A       12%         3
 Inner Flame              Hex/Fire       15%        N/A       12%         3
 Spider Form              Tmut/Pois      7%         N/A       12%         3
 Summon Guardian Golem    Hex/Summ       15%        N/A       12%         3
 Tukima's Dance           Hex            15%        N/A       12%         3
 Vampiric Draining        Necr           7%         2d7       12%         3
 Summon Lightning Spire   Summ/Air       28%        N/A       13%         4
 Animate Armour           Summ/Erth      54%        N/A       14%         4
 Leda's Liquefaction      Hex/Erth       13%        N/A       14%         4
 Petrify                  Tmut/Erth      27%        N/A       14%         4
 Fireball                 Conj/Fire      19%        3d9       14%         5
 Irradiate                Conj/Tmut      19%        3d20      14%         5
 Lee's Rapid Deconstruct  Erth           19%        3d12*     14%         5
 Simulacrum               Ice/Necr       27%        N/A       16%         6
 Manifold Assault         Tloc           34%        N/A       22%         5
 Conjure Ball Lightning   Conj/Air       25%        3x3d7     26%         6
 Silence                  Hex/Air        14%        N/A       34%         5
 Animate Dead             Necr           7%         N/A       36%         4
 Cause Fear               Hex            7%         N/A       36%         4
 Dispel Undead            Necr           15%        3d10      36%         4
 Borgnjor's Vile Clutch   Necr/Erth      13%        N/A       36%         5
 Summon Forest            Summ/Tloc      12%        N/A       43%         5
 Orb of Destruction       Conj           28%        9d11      50%         7
 Starburst                Conj/Fire      19%        8x6d7     61%         6
 Agony                    Necr           15%        N/A       73%         5
 Excruciating Wounds      Necr           7%         N/A       73%         5
 Hydra Form               Tmut           7%         N/A       73%         5
 Yara's Violent Unravell  Hex/Tmut       7%         3d5       73%         5
 Statue Form              Tmut/Erth      18%        N/A       91%         6
 Blade Hands              Tmut           7%         N/A       99%         6
 Death Channel            Necr           7%         N/A       99%         6
 Eringya's Noxious Bog    Tmut/Pois      7%         N/A       99%         6
 Dragon Form              Tmut           7%         N/A       100%        7
 Malign Gateway           Summ/Tloc      12%        N/A       100%        7
 Summon Hydra             Summ           7%         N/A       100%        7
 Borgnjor's Revivificati  Necr           7%         N/A       100%        8
 Discord                  Hex            7%         N/A       100%        8
 Ignition                 Fire           7%         3d5       100%        8
 Infestation              Necr           7%         N/A       100%        8
 Lehudib's Crystal Spear  Conj/Erth      25%        10d7      100%        8
 Necromutation            Tmut/Necr      7%         N/A       100%        8
 Death's Door             Necr           7%         N/A       100%        9
 Dragon's Call            Summ           7%         N/A       100%        9
 Fire Storm               Conj/Fire      19%        8d5       100%        9
 Shatter                  Erth           19%        3d17*     100%        9
 Tornado                  Air            20%        N/A       100%        9


Dungeon Overview and Level Annotations

Branches:
Dungeon (15/15)            Temple (0/1) D:5            Lair (6/6) D:10
 Shoals (4/4) Lair:3       Spider (1/4) Lair:4        Slime (0/5) Lair:6
    Orc (2/2) D:12            Elf (3/3) Orc:2        Vaults (0/5) D:13
 Depths (0/5) D:15          Sewer (visited)         Gauntlet (visited)

Altars:
Dithmenos
Ru
Sif Muna
Trog
Uskayaw
Wu Jian
Xom
Yredelemnul
The Shining One
Beogh

Shops:
D:3 *   D:5 *   D:6 [   D:10 (   D:11 [   Orc:2 !(?=   Elf:2 [=?![   Shoals:1 (
Shoals:3 :

Annotations:
D:2 Robin
D:5 2 transporters
Lair:5 1 runed translucent door, Bar Zani's ghost, journeyman FoHu


Innate Abilities, Weirdness & Mutations

You are small and have problems with some larger weapons.
You are completely attuned to the shadows.


Message History

Really fly into that cloud of freezing vapour?
Okay, then.
A water elemental comes into view.
Your magical contamination has completely faded away.
A water nymph comes into view.
A tengu warrior comes into view. It is wielding a +0 great sword.
The cyclops throws a large rock.
You reflect the large rock off your +3 warlock's mirror {reflect}!
The large rock hits the cyclops!!!
You block the water elemental's attack.
The water nymph gestures at you while chanting.
The water rises up and strikes you!!
You hit the water elemental.
The water elemental is lightly damaged.
The water nymph casts a spell at you. The water rises up and strikes you!
The water elemental closely misses you.
You hit the water elemental.
The water elemental is lightly damaged.
You block the water elemental's attack.
You hit the water elemental but do no damage.
The water elemental is lightly damaged.
The water nymph casts a spell at you. The water rises up and strikes you!!
You block the water elemental's attack.
Unknown command.
As you read the scroll of teleportation, it crumbles to dust.
You feel strangely unstable.
The water elemental completely misses you.
Unknown command.
The water elemental hits you!
* * * LOW HITPOINT WARNING * * *
The water elemental engulfs you in water!
The water nymph gestures at you while chanting.
The water rises up and strikes you!
* * * LOW HITPOINT WARNING * * *
Unknown command.
You slip free of the water engulfing you.
You gasp with relief as air once again reaches your lungs.
The water nymph casts a spell at you. The water rises up and strikes you!!
You die...

≈ ≈≈≈≈≈≈≈≈≈≈≈≈≈≈≈##.†.##.≈≈≈≈≈≈≈
≈≈ ≈≈≈≈≈≈≈≈≈≈≈≈≈≈≈#....)#.≈≈≈≈≈≈≈
...≈≈≈≈≈≈≈≈≈≈≈≈≈≈≈#..)..'..≈≈≈≈≈≈
...≈≈≈≈≈≈≈≈≈≈≈≈≈≈≈#...†.#..≈≈≈≈≈≈
...≈≈≈≈≈≈≈≈≈≈≈≈≈≈≈##...##.≈≈≈≈≈≈≈
...≈≈≈≈≈≈≈≈≈≈≈≈≈≈≈≈#####≈≈≈≈≈≈≈≈≈
...≈≈≈≈≈≈≈#####≈≈≈≈≈≈≈≈≈≈≈≈≈≈≈≈≈≈
##... ≈≈≈# ##≈≈≈≈≈≈≈≈≈≈≈≈≈≈≈≈≈
##..≈ #[≈≈≈≈#@≈≈≈≈≈≈≈≈≈≈≈≈≈≈≈≈
...≈≈ #≈≈|..#E≈≈≈≈≈≈≈≈≈≈≈≈≈≈≈≈
..≈≈≈ #≈≈C.C#≈≈≈≈≈≈≈≈≈≈≈≈≈≈≈≈≈
...≈≈ #≈†)##≈≈≈≈≈≈≈≈≈≈≈≈≈≈≈≈≈
..≈≈≈ ..##'##Cm≈≈≈≈..≈≈≈≈≈≈≈≈≈≈
≈≈≈≈≈ ...≈)≈≈≈≈≈≈≈......≈≈≈≈≈≈≈
≈≈≈≈≈ ...≈≈≈≈≈≈≈≈≈.####..≈≈≈≈≈≈
≈≈≈≈ ..≈.≈≈..≈≈≈≈.#####..≈≈≈≈≈
≈≈≈ ..≈≈≈≈..≈≈≈≈...# #..≈≈≈..


You could see a cyclops, a water elemental and a water nymph.

Vanquished Creatures
  Jorgrun (Orc:1)
  3 deep elf blademasters
  A kraken (Shoals:3)
  2 deep elf master archers (Elf:3)
  Kirke (D:12)
  Gastronok (Lair:1)
  Roxanne (Elf:1)
  A ghost moth (Spider:1)
  2 deep elf sorcerers (Elf:3)
  Louise (Elf:1)
  2 deep elf elementalists (Elf:3)
  5 deep elf demonologists (Elf:3)
  An entropy weaver (Spider:1)
  A minotaur (Gauntlet)
  3 dire elephants (Lair:6)
  6 deep elf annihilators
  Snorg (D:12)
  3 merfolk javelineers (Shoals:4)
  8 deep elf death magi
  6 merfolk impalers
  9 hydras
  4 deep elf high priests
  Harold (D:9)
  Erolcha (D:12)
  5 boulder beetles
  An ogre mage (D:13)
  2 alligator snapping turtles
  3 merfolk avatars
  6 merfolk aquamancers
  4 centaur warriors
  5 satyrs
  2 two-headed ogres
  24 dancing weapons
  An orc high priest (Orc:2)
  A tengu warrior (D:13)
  8 death yaks
  22 deep elf knights
  6 skeletal warriors
  A spectral death yak (Lair:6)
  A fire crab (Gauntlet)
  10 sea snakes
  A spectral anaconda (Lair:6)
  12 deep elf archers
  A wolf spider zombie (D:15)
  An obsidian statue (Lair:6)
  4 orc knights
  3 wizards
  A lindwurm (Lair:5)
  5 necromancers
  4 oklob plants (Lair:5)
  Pikel (D:6)
  23 deep elf pyromancers
  32 deep elf zephyrmancers
  13 harpies
  16 fauns
  3 wolf spiders
  17 manticores
  5 orc sorcerers
  17 ugly things
  5 merfolk sirens
  4 cyclopes
  14 elephants (Lair:6)
  3 black mambas
  2 torpor snails
  6 water nymphs
  A gargoyle (D:13)
  12 cane toads
  2 rime drakes (Lair:3)
  5 centaur skeletons
  10 komodo dragons
  2 kobold demonologists
  An efreet (D:14)
  An unseen horror (D:7)
  Psyche (D:9)
  2 demonic crawlers (Spider:1)
  3 trolls
  A tengu conjurer (D:13)
  14 merfolk
  A polar bear (Lair:6)
  A queen bee (Lair:1)
  The ghost of Cralpanu the Slasher, an amateur MiGl (D:4)
  9 meliai
  3 jumping spiders (Spider:1)
  Grinder (D:4)
  A hornet (D:10)
  5 wind drakes
  Prince Ribbit (D:9)
  2 slime creatures
  10 snapping turtles
  6 dream sheep (Lair:6)
  8 redbacks
  A shadow (D:10)
  6 air elementals
  A tarantella (Spider:1)
  48 yaks
  4 vampires
  3 wyverns
  4 wraiths (D:10)
  4 fire bats (Gauntlet)
  3 fire elementals
  21 water elementals
  A dire elephant simulacrum (Lair:6)
  3 basilisks (D:15)
  5 large abominations (Elf:1)
  2 hogs (D:12)
  4 steam dragons
  9 vampire mosquitoes
  4 spectral cane toads (Lair:6)
  3 hell hounds (Gauntlet)
  2 acid dragons (D:9)
  Duvessa (D:6)
  A meliai simulacrum (D:15)
  9 water moccasins
  21 orc warriors
  2 ice beasts
  3 necrophages
  3 black bears
  8 ogres
  11 wolves
  An elephant skeleton (Lair:6)
  17 centaurs
  3 phantoms
  3 kobold brigands
  3 elf zombies (Elf:1)
  4 earth elementals
  17 bullfrogs
  A cane toad simulacrum (Lair:6)
  4 scorpions
  A wyvern zombie (D:8)
  Dowan (D:6)
  A wyvern skeleton (D:6)
  26 killer bees
  9 wights
  4 elephant simulacra (Lair:6)
  3 electric eels
  3 howler monkeys
  A bullfrog zombie (D:6)
  2 centaur zombies (D:8)
  4 hounds
  A gnoll shaman (D:10)
  4 jellies
  27 orc priests
  A bullfrog skeleton (D:5)
  4 iguanas
  30 orc wizards
  8 gnolls
  2 howler monkey skeletons
  6 adders
  A white imp (D:8)
  An adder skeleton (D:4)
  A worm (D:4)
  A dart slug (D:4)
  47 orcs
  7 ball pythons
  3 bats
  11 endoplasms
  9 giant cockroaches
  7 goblins
  A hobgoblin (D:2)
  4 jackals (D:3)
  16 quokkas
  14 frilled lizards
  19 kobolds
  A bush (Shoals:1)
  A butterfly (Lair:5)
986 creatures vanquished.

Vanquished Creatures (others)
  A deep elf high priest (Elf:3)
  A deep elf zephyrmancer (Elf:2)
  A raiju (Gauntlet)
  A large abomination (Elf:1)
  3 humans (D:12)
  A spectral cane toad (Lair:6)
  A worm (D:3)
  32 fungi
  121 plants
  4 tentacles (Shoals:3)
  18 withered plants (Lair:6)
184 creatures vanquished.

Grand Total: 1170 creatures vanquished

Notes
Turn   | Place    | Note
-------+----------+-------------------------------------------
     0 | D:1      | Hasart the Kobold Ice Elementalist began the quest for the
                  | Orb.
     0 | D:1      | Reached XP level 1. HP: 10/10 MP: 3/3
    15 | D:1      | You fall into a shaft and drop 1 floor!
   139 | D:2      | Noticed Robin
   149 | D:2      | Reached skill level 3 in Stealth
   149 | D:2      | Reached XP level 2. HP: 12/15 MP: 0/5
   416 | D:3      | Reached XP level 3. HP: 15/19 MP: 2/6
   424 | D:3      | Found a glowing drain.
   464 | Sewer    | Entered a sewer
   606 | Sewer    | Learned a level 3 spell: Frozen Ramparts
   679 | Sewer    | Reached XP level 4. HP: 24/24 MP: 2/8
  1042 | Sewer    | Reached skill level 5 in Ice Magic
  1105 | Sewer    | Reached skill level 4 in Stealth
  1194 | Sewer    | Noticed a bullfrog
  1197 | Sewer    | Reached XP level 5. HP: 28/28 MP: 4/9
  1199 | Sewer    | Killed a bullfrog
  1285 | Sewer    | Noticed a bullfrog
  1369 | Sewer    | Killed a bullfrog
  1370 | Sewer    | Reached XP level 6. HP: 30/32 MP: 5/11
  1507 | D:3      | Found Kiruom's Assorted Antiques.
  1895 | D:3      | Found a shadowy altar of Dithmenos.
  2264 | D:5      | Entered Level 5 of the Dungeon
  2274 | D:5      | Reached skill level 5 in Stealth
  2460 | D:5      | Reached XP level 7. HP: 27/36 MP: 4/12
  2560 | D:5      | Found a transporter.
  2617 | D:5      | Learned a level 4 spell: Hailstorm
  2653 | D:5      | Reached skill level 1 in Conjurations
  2901 | D:5      | Reached skill level 6 in Stealth
  2997 | D:5      | Reached XP level 8. HP: 25/41 MP: 14/14
  3221 | D:5      | Found a sacrificial altar of Ru.
  3223 | D:5      | Found an ornate altar of the Wu Jian Council.
  3225 | D:5      | Found a shimmering altar of Xom.
  3225 | D:5      | Found a basalt altar of Yredelemnul.
  3394 | D:5      | Found Gopaff's General Store.
  3471 | D:5      | Found a shimmering blue altar of Sif Muna.
  3473 | D:5      | Found a glowing golden altar of the Shining One.
  3480 | D:5      | Became a worshipper of Sif Muna the Loreminder
  3722 | D:5      | Found a staircase to the Ecumenical Temple.
  3766 | D:5      | Found a transporter.
  3767 | D:5      | Noticed a fire bat
  4105 | D:6      | Noticed Duvessa
  4115 | D:6      | Killed Duvessa
  4116 | D:6      | Reached skill level 7 in Stealth
  4116 | D:6      | Reached skill level 5 in Spellcasting
  4119 | D:6      | Noticed Dowan
  4433 | D:7      | Identified the +0 cloak "Hareshro" {Fly rF+ Str+3}
  4633 | D:6      | Noticed Pikel
  4650 | D:6      | Killed Pikel
  4651 | D:6      | Reached skill level 5 in Conjurations
  4651 | D:6      | Reached XP level 9. HP: 45/45 MP: 13/17
  4718 | D:6      | Found Nyozewub's Armour Boutique.
  5064 | D:4      | Reached skill level 8 in Stealth
  5253 | D:4      | Noticed Grinder
  5270 | D:4      | Killed Grinder
  5449 | D:4      | Found a runed translucent gate.
  5454 | D:4      | Found a runed translucent gate.
  5455 | D:4      | Found a runed translucent gate.
  5485 | D:4      | Noticed Cralpanu's ghost (amateur MiGl)
  5977 | D:5      | Bought the +1 robe "Ashegi Homu" {rF+ Regen+} for 197 gold
                  | pieces
  6080 | D:6      | HP: 1/39 [wight/+4 morningstar of freezing (7)]
  6144 | D:6      | Killed Dowan
  6359 | D:7      | Identified a scroll of acquirement
  6359 | D:7      | Acquired the +9 flail of Gozag's Generosity {vorpal, rElec
                  | Will+ rCorr}
  6474 | D:7      | Killed an unseen horror
  6475 | D:7      | Reached skill level 1 in Fighting
  6475 | D:7      | Reached XP level 10. HP: 34/52 MP: 11/19
  6770 | D:8      | Found a hide-covered altar of Uskayaw.
  6888 | D:8      | Reached skill level 9 in Stealth
  6905 | D:8      | Learned a level 3 spell: Ozocubu's Armour
  7217 | D:6      | Reached * piety under Sif Muna
  7677 | D:4      | Killed Cralpanu's ghost
  8343 | D:8      | Reached XP level 11. HP: 60/60 MP: 11/21
  8560 | D:8      | Reached skill level 10 in Stealth
  8696 | D:8      | Reached skill level 5 in Dodging
  9046 | D:9      | Acquired the amulet "Uhurikhiff" {Reflect rC+++ SH+5}
  9078 | D:9      | Reached ** piety under Sif Muna
  9080 | D:9      | Noticed Harold
  9083 | D:10     | Entered Level 10 of the Dungeon
  9255 | D:10     | Identified the -5 cloak of Xionymmi {rN+ Int+8 Dex-5}
  9635 | D:9      | Noticed Psyche
  9640 | D:9      | Killed Psyche
  9850 | D:9      | Noticed Prince Ribbit
  9859 | D:9      | Killed Prince Ribbit
 10206 | D:9      | HP: 3/62 [Harold/+0 halberd (21)]
 10208 | D:9      | Killed Harold
 10561 | D:10     | Found Yladoisch's Antique Weapon Shop.
 11083 | D:10     | Reached skill level 5 in Fighting
 11244 | D:10     | Found a staircase to the Lair.
 11341 | D:10     | Reached skill level 11 in Stealth
 11404 | D:10     | Reached skill level 10 in Ice Magic
 11706 | Lair:1   | Entered Level 1 of the Lair of Beasts
 11722 | Lair:1   | Reached XP level 12. HP: 51/68 MP: 17/24
 11930 | Lair:1   | Noticed an eight-headed hydra
 11946 | Lair:1   | Killed an eight-headed hydra
 11946 | Lair:1   | Reached *** piety under Sif Muna
 11947 | Lair:1   | Reached skill level 1 in Maces & Flails
 12311 | Lair:1   | Found a sacrificial altar of Ru.
 12346 | Lair:1   | Noticed a four-headed hydra
 12363 | Lair:1   | Killed a four-headed hydra
 12622 | Lair:1   | Noticed Gastronok
 12638 | Lair:1   | Learned a level 3 spell: Stone Arrow
 12671 | Lair:1   | Killed Gastronok
 12846 | Lair:1   | Reached skill level 1 in Earth Magic
 12880 | Lair:1   | Reached **** piety under Sif Muna
 13280 | Lair:2   | Noticed a death yak
 13281 | Lair:2   | Noticed a death yak
 13285 | Lair:2   | Killed a death yak
 13362 | Lair:2   | Noticed a death yak
 13368 | Lair:2   | Killed a death yak
 13371 | Lair:2   | Killed a death yak
 13372 | Lair:2   | Reached XP level 13. HP: 43/75 MP: 0/25
 13511 | Lair:2   | Noticed a five-headed hydra
 13514 | Lair:2   | Killed a five-headed hydra
 13558 | Lair:2   | Reached skill level 12 in Stealth
 15019 | Lair:3   | Found a staircase to the Shoals.
 15049 | Lair:3   | Noticed a four-headed hydra
 15061 | Lair:3   | Killed a four-headed hydra
 15690 | Lair:3   | Noticed a seven-headed hydra
 15695 | Lair:3   | Killed a seven-headed hydra
 15696 | Lair:3   | Reached skill level 10 in Conjurations
 16649 | Lair:4   | Found a hole to the Spider Nest.
 17187 | Lair:4   | Noticed an eight-headed hydra
 17193 | Lair:4   | Killed an eight-headed hydra
 17312 | Lair:4   | Noticed a boulder beetle
 17333 | Lair:4   | Killed a boulder beetle
 17925 | Lair:5   | Reached skill level 1 in Shields
 17982 | Lair:5   | Reached XP level 14. HP: 55/82 MP: 13/27
 18149 | Lair:5   | Reached ***** piety under Sif Muna
 18224 | Lair:5   | Found a runed translucent door.
 18224 | Lair:5   | Noticed Bar Zani's ghost (journeyman FoHu)
 19105 | Lair:5   | Received a gift from Sif Muna
 19566 | Lair:5   | Reached skill level 13 in Stealth
 19936 | Lair:6   | Entered Level 6 of the Lair of Beasts
 20190 | Lair:6   | Found a staircase to the Slime Pits.
 20462 | Lair:6   | Acquired a +2 pair of gloves of strength
 20463 | Lair:6   | Acquired 894 gold pieces
 20717 | Lair:6   | Noticed a dire elephant
 21140 | Lair:6   | Reached skill level 5 in Maces & Flails
 21245 | Lair:6   | Noticed a dire elephant
 21245 | Lair:6   | Noticed a dire elephant
 21416 | Lair:6   | Learned a level 4 spell: Sticky Flame
 22249 | Lair:6   | Killed a dire elephant
 22250 | Lair:6   | Reached skill level 5 in Earth Magic
 22808 | Lair:6   | Reached skill level 10 in Spellcasting
 22808 | Lair:6   | Reached XP level 15. HP: 75/89 MP: 15/29
 22810 | Lair:6   | Received a gift from Sif Muna
 23727 | Lair:6   | Upgraded the game from 0.27-a0-1184-ge86db4a01e to
                  | 0.27-a0-1188-g73eefd5def
 23776 | Lair:4   | Reached skill level 10 in Dodging
 24092 | D:11     | Found Cicibuu's Antique Armour Shop.
 24097 | D:11     | Bought the +3 warlock's mirror {reflect} for 960 gold
                  | pieces
 24097 | D:11     | Found the +3 warlock's mirror {reflect}
 24115 | D:11     | Found a gate leading to a gauntlet.
 24121 | Gauntlet | Entered a Gauntlet
 24121 | Gauntlet | Found a transporter.
 24164 | Gauntlet | Found a transporter.
 24182 | Gauntlet | Found a transporter.
 24198 | Gauntlet | Found a transporter.
 24244 | Gauntlet | Found a transporter.
 24263 | Gauntlet | Found a transporter.
 24278 | Gauntlet | Found a transporter.
 24302 | Gauntlet | Found a transporter.
 24312 | Gauntlet | Found a transporter.
 24322 | Gauntlet | Found a transporter.
 24324 | Gauntlet | Found a runed translucent door.
 24341 | Gauntlet | Found the ring of Shadows {Umbra +Inv Stlth+}
 24476 | Gauntlet | Found a transporter.
 24476 | Gauntlet | Found a transporter.
 24484 | Gauntlet | Acquired the +4 pair of boots of Noon {*Corrode rElec
                  | rPois}
 24641 | Gauntlet | Found a transporter.
 24641 | Gauntlet | Found a transporter.
 24644 | Gauntlet | Identified the +2 hat "Ejan" {Int+6}
 24712 | Gauntlet | Identified the +0 helmet "Irchuc" {Dex+2}
 24756 | Gauntlet | Identified the ring "Heocioj" {rN+ Dex+3 Slay-3}
 24988 | D:11     | Reached skill level 5 in Shields
 25477 | D:12     | Noticed Erolcha
 25481 | D:12     | Killed Erolcha
 25719 | D:12     | Noticed Kirke
 25726 | D:12     | Killed Kirke
 25727 | D:12     | Reached skill level 14 in Stealth
 26642 | D:12     | Noticed Snorg
 26656 | D:12     | Killed Snorg
 26837 | D:12     | Found a staircase to the Orcish Mines.
 26864 | Orc:1    | Entered Level 1 of the Orcish Mines
 27250 | Orc:1    | Noticed Jorgrun
 27257 | Orc:1    | Killed Jorgrun
 27545 | Orc:2    | Entered Level 2 of the Orcish Mines
 27600 | Orc:2    | Identified Sif Muna's Disquisition on Weightlessness and
                  | Stones (Sif Muna gifted it to you on level 2 of the Orcish
                  | Mines)
 27600 | Orc:2    | Received a gift from Sif Muna
 28316 | Orc:2    | Reached skill level 1 in Invocations
 28423 | Orc:2    | Found Ennonk's Jewellery Shop.
 28424 | Orc:2    | Found Fexey's Magic Scroll Shop.
 28426 | Orc:2    | Found Yzemne's Distillery.
 28426 | Orc:2    | Found Wefess's Antique Weapon Boutique.
 28437 | Orc:2    | Bought a scroll of acquirement for 624 gold pieces
 28437 | Orc:2    | Bought a scroll of acquirement for 624 gold pieces
 28438 | Orc:2    | Acquired 802 gold pieces
 28440 | Orc:2    | Acquired the +2 hood of the Assassin {Detection Stab+
                  | Stlth++}
 28441 | Orc:2    | Found the +2 hood of the Assassin {Detection Stab+ Stlth++}
 28454 | Orc:2    | Bought the amulet "Angic" {RegenMP rPois rN+} for 635 gold
                  | pieces
 28540 | Orc:2    | Found a staircase to the Elven Halls.
 28845 | D:13     | Identified the +9 mace of Xeed {flame, Fly Will+}
 28864 | D:13     | Reached XP level 16. HP: 96/96 MP: 30/30
 29369 | D:13     | Identified Sif Muna's Grimoire of the Harmful Compass (Sif
                  | Muna gifted it to you on level 13 of the Dungeon)
 29369 | D:13     | Received a gift from Sif Muna
 29374 | D:13     | Identified the Reference Book on the Aerial Blaze
 29425 | D:13     | Found a gate to the Vaults.
 30543 | D:15     | Entered Level 15 of the Dungeon
 31363 | D:15     | Reached skill level 10 in Fighting
 31664 | D:15     | Found a staircase to the Depths.
 31876 | D:15     | Found a bloodstained altar of Trog.
 31883 | D:15     | Reached skill level 15 in Stealth
 32501 | Spider:1 | Entered Level 1 of the Spider Nest
 32724 | Spider:1 | Identified the +11 flail "Veghar" {holy, Dex+3}
 32759 | Spider:1 | Reached XP level 17. HP: 77/102 MP: 22/32
 32774 | Spider:1 | Identified Sif Muna's Further Steps in Wizardry (Sif Muna
                  | gifted it to you on level 1 of the Spider Nest)
 32774 | Spider:1 | Received a gift from Sif Muna
 32939 | Shoals:1 | Entered Level 1 of the Shoals
 33203 | Shoals:1 | Reached skill level 1 in Evocations
 33218 | Shoals:1 | Reached skill level 5 in Invocations
 33376 | Shoals:1 | Learned a level 2 spell: Blink
 33628 | Shoals:1 | Found Cour's Weapon Boutique.
 33865 | Shoals:1 | Reached skill level 1 in Translocations
 34317 | Shoals:1 | Reached skill level 15 in Ice Magic
 35379 | Shoals:2 | Found a hide-covered altar of Uskayaw.
 37224 | Elf:1    | Entered Level 1 of the Elven Halls
 37311 | Elf:1    | Identified Sif Muna's Disquisition on Spatial Confrontation
                  | (Sif Muna gifted it to you on level 1 of the Elven Halls)
 37311 | Elf:1    | Received a gift from Sif Muna
 37637 | Elf:1    | Reached skill level 16 in Stealth
 37673 | Elf:1    | Noticed Louise
 37677 | Elf:1    | Killed Louise
 37690 | Elf:1    | Identified Roxanne's Volume of Stones
 37690 | Elf:1    | Noticed Roxanne
 38076 | Elf:1    | Identified the Almanac of Black Arts
 38461 | Elf:1    | Reached XP level 18. HP: 107/107 MP: 34/34
 38739 | Elf:1    | Killed Roxanne
 38740 | Elf:1    | Reached skill level 5 in Evocations
 39086 | Elf:2    | Found Noqeq's Magic Scroll Boutique.
 39117 | Elf:2    | Found Seni's Antique Armour Shop.
 39206 | Elf:2    | Found Powke's Distillery.
 39409 | Elf:2    | Found Buab Wew's Jewellery Boutique.
 39683 | Elf:2    | Found Ycemaedgh's Antique Armour Shop.
 39907 | Elf:2    | Found a huge runed translucent gate.
 39908 | Elf:2    | Found a huge runed translucent gate.
 39911 | Elf:2    | Found a huge runed translucent gate.
 39912 | Elf:2    | Found a huge runed translucent gate.
 39913 | Elf:2    | Found a huge runed translucent gate.
 40636 | Elf:2    | Noticed a deep elf blademaster
 40647 | Elf:2    | Killed a deep elf blademaster
 41159 | Elf:2    | Reached skill level 17 in Stealth
 41309 | Elf:2    | Bought a ring of see invisible for 240 gold pieces
 41592 | Elf:3    | Entered Level 3 of the Elven Halls
 41611 | Elf:3    | Received a gift from Sif Muna
 41620 | Elf:3    | Reached XP level 19. HP: 112/112 MP: 35/35
 41637 | Elf:3    | Learned a level 6 spell: Freezing Cloud
 41666 | Elf:3    | Reached skill level 1 in Air Magic
 41961 | Elf:3    | Identified the +6 spear of Liaqupsoig {venom, rElec Will-
                  | Dex+2 SInv}
 42033 | Elf:3    | Noticed a deep elf blademaster
 42234 | Elf:3    | Killed a deep elf blademaster
 42428 | Elf:3    | Identified the +9 dagger of Tedext {freeze, Contam rPois
                  | rCorr Str+4}
 42648 | Elf:3    | Noticed a deep elf blademaster
 42657 | Elf:3    | Killed a deep elf blademaster
 42807 | Elf:3    | Identified the +9 dagger "Pinu" {flame, *Noise rC+ Dex+2}
 43547 | Elf:3    | Identified the +0 chain mail "Edenk" {-Tele rF- rC+++
                  | Int+5}
 44149 | Elf:2    | Found a shimmering blue altar of Sif Muna.
 44803 | Shoals:3 | Found Beugru's Book Emporium.
 45077 | Shoals:3 | Identified Memo's Incunabulum of Feathery Attacks (Sif Muna
                  | gifted it to you on level 3 of the Shoals)
 45077 | Shoals:3 | Received a gift from Sif Muna
 45424 | Shoals:3 | Reached skill level 18 in Stealth
 45424 | Shoals:3 | Reached XP level 20. HP: 73/117 MP: 35/37
 45719 | Shoals:4 | Entered Level 4 of the Shoals
 46231 | Shoals:4 | Reached skill level 10 in Invocations
 46264 | Shoals:4 | Reached skill level 5 in Air Magic
 46469 | Shoals:4 | Identified the +9 hand crossbow of the Bear {vorpal, rElec
                  | rPois Int-2 SInv}
 46532 | Shoals:4 | Found the +3 robe of Folly {Archmagi, Will-- Int+5}
 46620 | Shoals:4 | Killed from afar by a water nymph

Illustrated notes

Levels and vault maps discovered:
D:1:      dpeg_arrival_circle_labyrinth_c, layout_basic, serial_shops,
          shop_fountains, minmay_strange_pillars
D:2:      layout_basic, uniq_robin
D:3:      layout_loops_ring, lemuel_doored_altar, serial_shops, shop,
          gup_sewer_entry_pipe, lemuel_flame_loot_1
D:4:      layout_cave_pools, gammafunk_ghost_split, uniq_grinder
D:5:      gammafunk_cloud_chamber, layout_basic, grunt_temple_overflow_open,
          minmay_temple_entry_glassed_door, serial_shops, nicolae_shop_trees
D:6:      layout_loops_ring, serial_shops, shop, minivault_14, uniq_duvessa,
          uniq_pikel
D:7:      layout_loops_ring
D:8:      layout_loops_corners, amcnicky_altar_gilded
D:9:      layout_basic, enter_bailey_5, minmay_between, uniq_prince_ribbit1,
          uniq_harold, uniq_psyche
D:10:     layout_basic, lair_entry_dummy, serial_shops,
          nicolae_shop_window_shopping
D:11:     layout_cave_pools, gauntlet_entry_generic, serial_shops, shop
D:12:     layout_basic, david_orc_5, lemuel_old_faithful, uniq_kirke,
          uniq_erolcha, uniq_snorg
D:13:     layout_irregular_city, hangedman_vaults_entry_quadrant_bands
D:14:     layout_basic
D:15:     grunt_enter_depths_magical_seal, layout_irregular_city, bloody_trog
Lair:1:   layout_roguey, special_room [special_room_bee], basic_altar,
          columned_hall_lemuel, serial_bayou_pond_b, minivault_23,
          uniq_gastronok
Lair:2:   layout_small_grid, serial_rivers, chequers_serial_rivers_micro_d,
          chequers_serial_rivers_micro_a, chequers_serial_rivers_large_a,
          chequers_serial_rivers_marsh
Lair:3:   layout_regular_city, elwin_shoals_entry_rocks,
          chequers_serial_rivers_micro_b, amcnicky_mini_pool_medium
Lair:4:   layout_loops_ring, spider_nest_entry_rubble, lemuel_fruit_tree
Lair:5:   layout_cave_pods, ebering_ghost_inner_flame,
          minmay_lair_oklob_chamber, infiniplex_staircase_pool_2,
          grunt_megastairs_4, lemuel_fruit_fields
Lair:6:   due_jungle_book, layout_cave_pods, minmay_slime_entry_pillars,
          gammafunk_lair_bear_cave, infiniplex_staircase_pool
Shoals:1: cheibrodos_shoals_satyrical_garden, layout_shoals, serial_shops, shop
Shoals:2: layout_shoals, lemuel_altar_in_water
Shoals:3: layout_shoals, serial_shops, shop,
          nicolae_shoals_water_elemental_grotto
Shoals:4: shoals_end_simple, layout_shoals, kb_tengu_band
Spider:1: layout_chambers, uniq_asterion
Orc:1:    layout_diamond_mine, uniq_jorgrun
Orc:2:    st_orc_mages, layout_caves
Elf:1:    minmay_elf_arrival_circle, layout_loops_corners,
          minmay_elf_necromancy, uniq_louise, uniq_roxanne
Elf:2:    layout_loops_cross, serial_shops, nicolae_shop_window_shopping,
          nicolae_shop_behind_doors, nicolae_shop_behind_doors,
          nicolae_shop_behind_doors, nicolae_shop_trees, st_stairs_3,
          grunt_ministairs_5, lemuel_upstairs_altar
Elf:3:    grunt_elf_hall_spiral, layout_geoelf_grid

Skill      XL: |  1  2  3  4  5  6  7  8  9 10 11 12 13 14 15 16 17 18 19 20 |
---------------+-------------------------------------------------------------+-----
Stealth        | 3 4 5 6 7 8 9 11 12 13 14 15 16 17 18 | 18.3
Ice Magic      | 5 6 7 8 10 11 12 13 14 15 16 17 | 17.9
Spellcasting   | 3 4 5 6 7 8 9 10 11 12 13 | 13.6
Conjurations   | 2 5 6 8 9 10 | 10.0
Fighting       | 1 3 5 6 7 8 9 10 | 10.0
Dodging        | 3 4 6 7 8 9 10 | 10.0
Maces & Flails | 2 4 5 6 7 |  7.0
Earth Magic    | 2 3 5 |  5.0
Shields        | 1 4 6 7 |  7.0
Invocations    | 1 4 6 8 9 10 | 10.0
Evocations     | 4 7 |  7.0
Translocations | 3 4 |  4.0
Air Magic      | 4 5 |  5.4

Action                   |  1- 3 |  4- 6 |  7- 9 | 10-12 | 13-15 | 16-18 | 19-21 || total
-------------------------+-------+-------+-------+-------+-------+-------+-------++-------
Melee: Short sword       |    16 |    14 |       |       |       |       |       ||    30
       Rapier            |       |     5 |       |       |       |       |       ||     5
       Dagger            |       |       |   138 |       |       |       |       ||   138
       Flail             |       |       |       |   238 |   300 |   322 |   140 ||  1000
 Cast: Freeze            |    39 |    58 |    20 |    60 |    91 |   112 |    20 ||   400
       Frozen Ramparts   |       |     4 |     7 |    42 |    60 |    42 |    23 ||   178
       Hailstorm         |       |       |     2 |    39 |   102 |    32 |    15 ||   190
       Ozocubu's Armour  |       |       |       |    11 |    17 |     7 |     7 ||    42
       Stone Arrow       |       |       |       |     9 |   151 |   269 |   107 ||   536
       Sticky Flame      |       |       |       |       |    26 |     8 |     1 ||    35
       Freezing Cloud    |       |       |       |       |       |       |    34 ||    34
Evoke: Wand              |       |       |       |     4 |     2 |    13 |       ||    19
  Use: Scroll            |       |       |    11 |     1 |    21 |     5 |     1 ||    39
       Potion            |       |       |     3 |     2 |     2 |     3 |       ||    10
 Stab: Sleeping          |     1 |     6 |    19 |    10 |    10 |   114 |    22 ||   182
       Invisible         |       |       |     2 |       |       |       |       ||     2
       Distracted        |       |       |     1 |       |     4 |     3 |       ||     8
Armor: Robe              |     5 |    11 |    16 |    44 |    88 |   111 |    46 ||   321
Dodge: Dodged            |    35 |    71 |   111 |   300 |   337 |   337 |   157 ||  1348
Block: Other             |       |       |       |    48 |    65 |       |       ||   113
       Buckler           |       |       |       |       |   117 |   443 |   181 ||   741
       Reflection        |       |       |       |       |    17 |    47 |    36 ||   100

Table legend: (Time is in decaauts)
 A = Elapsed time spent in this place.
 B = Non-inter-level travel time spent in this place.
 C = Inter-level travel time spent in this place.
 D = Time resting spent in this place.
 E = Time spent auto-exploring this place.
 F = Levels seen in this place.
 G = Mean time per level.
                   A        B        C        D        E       F      G
               +--------+--------+--------+--------+--------+-----+--------+
         Total |  46909 |  44728 |   2181 |   7599 |  28885 |  33 | 1421.5 |
       Dungeon |  16933 |  15998 |    935 |   1846 |  11053 |  15 | 1128.9 |
          Lair |  12524 |  11966 |    558 |   1869 |   8594 |   6 | 2087.3 |
        Shoals |   6258 |   6054 |    204 |   1244 |   3852 |   4 | 1564.5 |
   Spider Nest |    364 |    300 |     64 |     17 |    167 |   1 |  364.0 |
  Orcish Mines |   1957 |   1791 |    166 |    259 |   1189 |   2 |  978.5 |
   Elven Halls |   7131 |   6879 |    252 |   1839 |   3636 |   3 | 2377.0 |
         Sewer |   1094 |   1094 |      0 |    385 |    393 |   1 | 1094.0 |
      Gauntlet |    645 |    645 |      0 |    140 |      0 |   1 |  645.0 |
               +--------+--------+--------+--------+--------+-----+--------+

Top non-repeatable levels by time:
  Lair:6: 3846 daAuts
   Elf:2: 2677 daAuts
   Elf:3: 2667 daAuts
  Lair:5: 2071 daAuts
Shoals:1: 2059 daAuts
Shoals:3: 1953 daAuts
     D:5: 1888 daAuts
    D:15: 1802 daAuts
  Lair:3: 1801 daAuts
  Lair:2: 1799 daAuts
   Elf:1: 1786 daAuts
    D:10: 1618 daAuts
    D:12: 1588 daAuts
  Lair:4: 1543 daAuts
  Lair:1: 1462 daAuts
